 Dungeon Crawl Stone Soup version 0.29-a0-559-g359e09b9d1 (webtiles) character file.

Game seed: 16371879694781093945

4 zeratav the Stinger (level 1, 0/11 HPs)
             Began as an Octopode Venom Mage on June 9, 2022.
             Slain by a jackal (1 damage)
             ... on level 1 of the Dungeon.
             The game lasted 00:00:35 (41 turns).

zeratav the Stinger (Octopode Venom Mage)             Turns: 41, Time: 00:00:36

Health: 0/11       AC:  1    Str:  7    XL:     1   Next: 60%
Magic:  1/3        EV: 13    Int: 17    God:
Gold:   21         SH:  0    Dex: 12    Spells: 3/4 levels left

rFire   . . .      SeeInvis .   (no weapon)
rCold   . . .      Faith    .   (no shield)
rNeg    . . .      Spirit   .   (helmet restricted)
rPois   .          Reflect  .   (no amulet)
rElec   .          Harm     .   (no ring)
rCorr   .          Rampage  .   (no ring)
Will    .....                   (no ring)
Stlth   +++.......              (no ring)
HPRegen 0.03/turn               (no ring)
MPRegen 0.08/turn               (no ring)
                                (no ring)
                                (no ring)

@: no status effects
A: almost no armour, amphibious, 8 rings, camouflage 1, gelatinous body 1,
(nimble swimmer 1), tentacles
a: no special abilities


You were on level 1 of the Dungeon.
You visited 1 branch of the dungeon, and saw 1 of its levels.

You collected 21 gold pieces.


Innate Abilities, Weirdness & Mutations

You cannot wear most types of armour.
You are amphibious.
You can wear up to eight rings at the same time.
Your skin changes colour to match your surroundings (Stealth+).
Your rubbery body absorbs attacks. (AC +1, EV +1)
((You are camouflaged when in or above water. (Stealth+)))
You have tentacles for arms and can constrict up to eight enemies at once.


   Skills:
 - Level 2.0 Dodging
 - Level 2.6 Stealth
 + Level 2.1 Spellcasting
 - Level 1.0 Transmutations
 * Level 3.9 Poison Magic


You had 3 spell levels left.
You knew the following spells:

 Your Spells              Type           Power      Damage    Failure   Level
a - Sting                 Tmut/Pois      40%        1d5       7%          1

Your spell library contained the following spells:

 Spells                   Type           Power      Damage    Failure   Level
 Poisonous Vapours        Pois/Air       16%        N/A       13%         2
 Mephitic Cloud           Conj/Pois/Air  6%         N/A       34%         3
 Olgreb's Toxic Radiance  Pois           15%        N/A       36%         4

Inventory:

Potions
 a - a potion of magic

Dungeon Overview and Level Annotations

Branches:
Dungeon (1/15)

Altars:

#. ... #.# .. # ...
.. .# #..#. .#
#..#.### .#
.....#.# #....#
#hh########
#.#@......##
#.#........#
#.#...##...# .
..#..####..# .#
#.#..####..# ..##
..#...##...##...##.
.##...............
##.............
######..##..##


You could see 2 jackals.


Message History

🤖 Initializing magus.rc ...
Bad channel name for runrest: 'pray:' ✅ Successfully initialized magus.rc [v1.9.6] Welcome, zeratav the Octopode Venom Mage.
The glorious Orb of Zot lies far below, as if waiting for you to find it.
Press ? for a list of commands and other information.
Found 4 gold pieces.
Found a staircase leading out of the dungeon.
You now have 4 gold pieces.
You now have 21 gold pieces (gained 17).
You open the door. 4 jackals come into view.
The jackal barks!
There are monsters nearby!
There is an open door here.
The jackal barks!
The sting hits the jackal.
The jackal is poisoned.
The jackal barks!
MP[-1]
You lost 1 mp, and now have 2/3 mp.
The sting hits the jackal.
The jackal looks even sicker.
You kill the jackal!
MP[-1]
You lost 1 mp, and now have 1/3 mp.
The sting hits the jackal.
The jackal is poisoned.
The jackal bites you.
HP[-1] MP[-1]
You take 1 damage, and now have 10/11 hp.
You lost 1 mp, and now have 0/3 mp.
You are too depleted to draw on your mana recklessly!
You are too depleted to draw on your mana recklessly!
You are too depleted to draw on your mana recklessly!
The jackal closely misses you.
There is an open door here.
You tentacle-slap the jackal but do no damage.
Your grab misses the jackal. The jackal closely misses you.
You tentacle-slap the jackal but do no damage.
You grab the jackal. Your squeeze misses the jackal.
You constrict the jackal, but do no damage.
The jackal looks more healthy.
The jackal barely misses you.
A quokka comes into view.
You tentacle-slap the jackal but do no damage.
You constrict the jackal. The jackal barely misses you. x2
HP[+1]
Your hp is fully restored (11).
You tentacle-slap the jackal. You squeeze the jackal.
You kill the jackal!
You closely miss the quokka. Your grab misses the quokka.
The quokka completely misses you. The quokka bites you.
HP[-3]
You take 3 damage, and now have 8/11 hp.
MASSIVE DAMAGE!! (PAUSE)
You miss the quokka. You grab the quokka.
You constrict the quokka, but do no damage.
The quokka bites you.
HP[-2]
You take 2 damage, and now have 6/11 hp.
You tentacle-slap the quokka but do no damage.
You constrict the quokka. The quokka bites you.
* * * LOW HITPOINT WARNING * * *
HP[-5]
You take 5 damage, and now have 1/11 hp.
MASSIVE DAMAGE!! (PAUSE)
You tentacle-slap the quokka but do no damage.
You constrict the quokka. The quokka closely misses you.
You tentacle-slap the quokka but do no damage.
You constrict the quokka. The quokka closely misses you.
MP[+1]
You tentacle-slap the quokka.
You kill the quokka!
The jackal misses you.
You tentacle-slap the jackal but do no damage.
You grab the jackal. You tentacle-slap the jackal.
You constrict the jackal, but do no damage.
The jackal bites you.
You die...

Action                   || total
-------------------------++-------
Melee: Unarmed           ||    11
       Constrict         ||     3
       Punch             ||     1
       Tentacles         ||     1
 Cast: Sting             ||     3
Dodge: Dodged            ||     9

Levels and vault maps discovered:
D:1:      minmay_arrival_four_loops, layout_loops_ring

Notes
Turn   | Place    | Note
-------+----------+-------------------------------------------
     0 | D:1      | zeratav the Octopode Venom Mage began the quest for the
                  | Orb.
     0 | D:1      | Reached XP level 1. HP: 11/11 MP: 3/3
     0 | D:1      | magus.rc [v1.9.6]
    37 | D:1      | HP: 1/11 [quokka (5)]
    41 | D:1      | Slain by a jackal

Vanquished Creatures
  2 jackals (D:1)
  A quokka (D:1)
3 creatures vanquished.

Table legend:
 A = Non-vault XP
 B = Vault XP
 C = Vault XP percentage of total XP
 D = Non-vault monster count
 E = Vault monster count
 F = Vault count percentage of total count
                 A         B        C        D         E       F
            +---------+---------+-------+---------+---------+-------
      Total |       6 |       0 |   0.0 |       3 |       0 |   0.0
            +---------+---------+-------+---------+---------+-------
        D:1 |       6 |       0 |   0.0 |       3 |       0 |   0.0
            +---------+---------+-------+---------+---------+-------

Illustrated notes

Table legend:
 A = Kills in this place as a percentage of kills in entire the game.
 B = Kills by you in this place as a percentage of kills by you in the entire game.
 C = Kills by friends in this place as a percentage of kills by friends in the entire game.
 D = Other kills in this place as a percentage of other kills in the entire game.
 E = Experience gained in this place as a percentage of experience gained in the entire game.
 F = Experience gained in this place divided by the number of levels of this place that you have seen.
                   A       B       C       D       E      F
               +-------+-------+-------+-------+-------+----------------------
         Total | 100.0 | 100.0 |   N/A |   N/A | 100.0 |   6.0
       Dungeon | 100.0 | 100.0 |   N/A |   N/A | 100.0 |   6.0
               +-------+-------+-------+-------+-------+----------------------

Table legend: (Time is in decaauts)
 A = Elapsed time spent in this place.
 B = Non-inter-level travel time spent in this place.
 C = Inter-level travel time spent in this place.
 D = Time resting spent in this place.
 E = Time spent auto-exploring this place.
 F = Levels seen in this place.
 G = Mean time per level.
                   A        B        C        D        E       F      G
               +--------+--------+--------+--------+--------+-----+--------+
         Total |     41 |     41 |      0 |      0 |     24 |   1 |   41.0 |
       Dungeon |     41 |     41 |      0 |      0 |     24 |   1 |   41.0 |
               +--------+--------+--------+--------+--------+-----+--------+

Top non-repeatable levels by time:
     D:1: 41 daAuts
